 Dungeon Crawl Stone Soup version 0.24-a0-616-ge2a249a6fd (webtiles) character file.

Game seed: 13516501646203139394, levelgen mode: deterministic

56 Wolfram the Sneak (level 3, -3/28 HPs)
             Began as a Naga Enchanter on Sept 14, 2019.
             Slain by a shadow imp (4 damage)
             ... on level 2 of the Dungeon.
             The game lasted 00:15:12 (2833 turns).

Wolfram the Sneak (Naga Enchanter)                  Turns: 2833, Time: 00:15:13

Health: -3/28      AC:  2    Str:  8 (10) XL:     3   Next: 95%
Magic:  2/6        EV: 10    Int: 13 (16) God:
Gold:   41         SH:  0    Dex: 10 (11) Spells: 1/7 levels left

rFire    . . .     SeeInvis +   a - +2 dagger
rCold    . . .     Gourm    .   (no shield)
rNeg     . . .     Faith    .   b - +0 robe
rPois    +         Spirit   .   (no helmet)
rElec    .         Reflect  .   (no cloak)
rCorr    .         Harm     .   (no gloves)
MR       .....                  (no barding)
Stlth    +++.......             (no amulet)
HPRegen  0.09/turn              (no ring)
MPRegen  0.10/turn              (no ring)

@: very slow
A: large, see invisible, deformed body, poison resistance, slowness 2, slow
metabolism 1, spit poison 1, AC +1
a: Spit Poison


You were on level 2 of the Dungeon.
You were not hungry.

You visited 1 branch of the dungeon, and saw 2 of its levels.

You collected 41 gold pieces.

Inventory:

Hand Weapons
 a - a +2 dagger (weapon)
 g - a +0 hunting sling
Missiles
 f - 28 stones (quivered)
 r - 44 sling bullets
Armour
 b - a +0 robe (worn)
 i - a cursed +0 leather armour
Jewellery
 n - an uncursed amulet of rage {unknown}
Scrolls
 c - a scroll of blinking {unknown}
 l - a scroll of immolation {unknown}
Comestibles
 d - 2 rations
 o - 2 chunks of flesh


   Skills:
 - Level 1.0 Short Blades
 - Level 1.5 Dodging
 - Level 6.0 Stealth
 + Level 2.5 Spellcasting
 + Level 3.4 Hexes


You had one spell level left.
You knew the following spells:

 Your Spells              Type           Power        Failure   Level  Hunger
a - Corona                Hex            ##.....      6%          1    #......
b - Ensorcelled Hibernat  Hex/Ice        #.....       19%         2    ###....
c - Confuse               Hex            ##......     17%         3    ###....

Your spell library contained the following spells:

 Spells                   Type           Power        Failure   Level  Hunger
 Tukima's Dance           Hex            ##......     17%         3    ###....
 Dazzling Spray           Conj/Hex       #.....       34%         3    ###....


Dungeon Overview and Level Annotations

Branches:
Dungeon (2/15)

Altars:
Ashenzari
Trog

Annotations:
D:1 exclusion: downstairs
D:2 exclusion: bat, Sigmund


Innate Abilities, Weirdness & Mutations

You cannot wear boots.
Your serpentine skin is tough. (AC +1)
You have supernaturally acute eyesight. (SInv)
Armour fits poorly on your strangely shaped body.
Your system is resistant to poisons. (rPois)
You cover ground very slowly.
You have a slow metabolism.
You can spit poison.


Message History

You aren't carrying any potions.
Unknown command.
As you read the scroll labeled USO DOUVAMAGGA, it crumbles to dust.
It is a scroll of enchant weapon.
Your +1 dagger glows red for a moment.
The shadow imp closely misses you.
Okay, then.
Unknown command.
You aren't carrying any potions.
Unknown command.
Unknown command.
You aren't carrying any items that you can evoke.
Unknown command.
Unknown command.
As you read the scroll labeled HAORIE CEOLIAX, it crumbles to dust.
You feel blessed for a moment.
It was a scroll of remove curse.
The shadow imp barely misses you.
As you read the scroll labeled XESSOCWODUCO, it crumbles to dust.
You feel aware of your surroundings.
It was a scroll of magic mapping.
The shadow imp hits you.
You die...

##### #########** #...# #####
#........,* #...# #...#
###.........* #...###.#.#
#..........,* #.......#.#
#....#'##'*** ###.#####.#
#....#..5,* #######.#
#.####÷...#..##***** .÷......#
#...@.....#...,,,,,* ##########
#####5#####.#*****,*
....##...########.......######.##
....''...'..........).........>..
....##...#################.###.##
....##..)# ###..##.## ....##...#
#......... ########## #.......##
##8#** ##############.......#


You could see a shadow imp.

Vanquished Creatures
  2 adders (D:2)
  An ooze (D:1)
  A worm (D:1)
  A dart slug (D:1)
  A ball python (D:2)
  2 bats (D:1)
  2 giant cockroaches
  4 goblins (D:2)
  3 hobgoblins
  4 jackals
  3 frilled lizards
  4 rats (D:1)
28 creatures vanquished.

Notes
Turn   | Place    | Note
-------+----------+-------------------------------------------
     0 | D:1      | Wolfram the Naga Enchanter began the quest for the Orb.
     0 | D:1      | Reached XP level 1. HP: 15/15 MP: 3/3
   635 | D:1      | Reached skill level 5 in Stealth
   714 | D:1      | Reached XP level 2. HP: 22/22 MP: 5/5
   718 | D:1      | Learned a level 2 spell: Ensorcelled Hibernation
  1412 | D:2      | Found a shattered altar of Ashenzari.
  1558 | D:1      | Reached skill level 6 in Stealth
  1699 | D:2      | Noticed Sigmund
  1911 | D:2      | Reached XP level 3. HP: 22/28 MP: 6/6
  2200 | D:2      | Learned a level 3 spell: Confuse
  2372 | D:2      | Found a bloodstained altar of Trog.
  2830 | D:2      | HP: 1/28 [shadow imp (3)]
  2833 | D:2      | Slain by a shadow imp

Levels and vault maps discovered:
D:1:      minmay_arrival_diagonal_passages, layout_loops_cross,
          kennysheep_decorative_pillar
D:2:      layout_basic, nicolae_overflow_hidden_temple, lemuel_doored_altar,
          uniq_sigmund

Skill      XL: |  1  2 |
---------------+-------+-----
Stealth        | 5 6 |  6.0
Short Blades   | |  1.0
Dodging        | |  1.5
Spellcasting   | |  2.5
Hexes          | |  3.4

Action                   || total
-------------------------++-------
Melee: Dagger            ||    53
Throw: Stone             ||     6
 Cast: Corona            ||     6
       Ensorcelled Hiber ||    16
       Confuse           ||     1
 Abil: Spit Poison       ||    20
  Use: Potion            ||     5
       Scroll            ||     4
 Stab: Sleeping          ||    10
       Distracted        ||     1
  Eat: Ration            ||     2
       Chunk             ||     2
Armor: Robe              ||     5
Dodge: Dodged            ||    35

Table legend:
 A = Non-vault XP
 B = Vault XP
 C = Vault XP percentage of total XP
 D = Non-vault monster count
 E = Vault monster count
 F = Vault count percentage of total count
                 A         B        C        D         E       F
            +---------+---------+-------+---------+---------+-------
      Total |      80 |       0 |   0.0 |      28 |       0 |   0.0
            +---------+---------+-------+---------+---------+-------
        D:1 |      30 |       0 |   0.0 |      13 |       0 |   0.0
        D:2 |      50 |       0 |   0.0 |      15 |       0 |   0.0
            +---------+---------+-------+---------+---------+-------
